[Event "*** Titled Tuesday Blitz AM"]
[Site "Chess.com"]
[Date "2020.01.07"]
[Round "7"]
[White "Evgeny81"]
[Black "chigorin28"]
[Result "1-0"]
[WhiteElo "2546"]
[BlackElo "2413"]
[TimeControl "180+2"]
[EndTime "10:33:12 PST"]
[Termination "Evgeny81 won by resignation"]

1. Nf3 Nf6 2. c4 e6 3. g3 b6 4. Bg2 Bb7 5. O-O Be7 6. d4 O-O 7. Nc3 d6 8. Qc2 Nbd7 9. e4 e5 10. d5 a5 11. Ne1 Nc5 12. b3 Ne8 13. f4 exf4 14. gxf4 Bf6 15. Bb2 Bd4+ 16. Kh1 f5 17.
Nf3 Bxc3 18. Bxc3 Nxe4 19. Bb2 N8f6 20. Nd4 Bc8 21. Rg1 Qe8 22. Bf3 Bd7 23. Rg2 Rf7 24. Rag1 Qe7 25. Bxe4 Qxe4 26. Qxe4 fxe4 27. Ne6 g6 28. f5 Nh5 29. fxg6 hxg6 30. Rxg6+ Kh7 31. Bc1 Rf6 32. R6g5 Be8 33. Nxc7 Rc8 34. Nxe8 Rxe8 35. Rxh5+ 1-0

[Event "*** Titled Tuesday Blitz AM"]
[Site "Chess.com"]
[Date "2020.01.07"]
[Round "7"]
[White "AquivaRubinstein"]
[Black "SlavenPastar"]
[Result "1-0"]
[WhiteElo "2442"]
[BlackElo "2536"]
[TimeControl "180+2"]
[EndTime "10:33:19 PST"]
[Termination "AquivaRubinstein won by checkmate"]

1. d4 d5 2. Nc3 Nf6 3. Bg5 e6 4. Qd2 Be7 5. O-O-O h6 6. Bxf6 Bxf6 7. e4 dxe4 8. Nxe4 Be7 9. Nf3 Nc6 10. Bb5 a6 11. Bxc6+ bxc6 12. Ne5 Qd5 13. Nc3 Qd6 14. Kb1 c5 15.
Qf4 O-O 16. Ne4 Qb6 17. dxc5 Bxc5 18. Rd8 f5 19. Nf6+ gxf6 20. Qg3+ Kh8 21. Ng6+ Kg7 22. Nxf8+ Kf7 23. Qg6+ Ke7 24. Qe8# 1-0

[Event "*** Titled Tuesday Blitz AM"]
[Site "Chess.com"]
[Date "2020.01.07"]
[Round "7"]
[White "enriquetejedor"]
[Black "dawtonlms"]
[Result "1-0"]
[WhiteElo "2467"]
[BlackElo "2319"]
[TimeControl "180+2"]
[EndTime "10:33:20 PST"]
[Termination "enriquetejedor won by resignation"]

1. e4 c5 2. Nc3 a6 3. f4 b5 4.
g3 Bb7 5. Bg2 e6 6. d3 d6 7. Nf3 Nd7 8. O-O Ngf6 9. h3 Be7 10. g4 O-O 11. Ne2 Ne8 12. Ng3 Nc7 13. g5 e5 14. f5 d5 15. f6 gxf6 16. Nf5 fxg5 17. Nxe7+ Qxe7 18. Bxg5 f6 19. Bh6 Rf7 20. Nh4 Nf8 21. Qg4+ Kh8 22. Qh5 Qe8 23. Kh2 dxe4 24. dxe4 Bc8 25. Rf2 Nce6 26. Raf1 Ng7 27. Bxg7+ Kxg7 28. Rxf6 Raa7 29. Qg5+ Ng6 30. Nxg6 1-0

[Event "*** Titled Tuesday Blitz AM"]
[Site "Chess.com"]
[Date "2020.01.07"]
[Round "7"]
[White "kkpanu9"]
[Black "2165149677570"]
[Result "1-0"]
[WhiteElo "2123"]
[BlackElo "2292"]
[TimeControl "180+2"]
[EndTime "10:33:20 PST"]
[Termination "kkpanu9 won by resignation"]

1. e4 c5 2. Nf3 d6 3. d4 cxd4 4. Nxd4 Nf6 5. Nc3 a6 6. h3 e5 7. Nde2 b5 8. g4 b4 9. g5 bxc3 10. gxf6 cxb2 11. fxg7 bxa1=Q 12. gxh8=Q Bb7 13. Bh6 Qxd1+ 14. Kxd1 Nd7 15. Rg1 Bxe4 16. Rg8 Qe7 17. Bg5 f6 18. Nc3 Bf3+ 19. Be2 Bxe2+ 20. Kxe2 fxg5 21. Nd5 Qf7 22. Nc7+ Ke7 23. Nxa8 Qc4+ 24. Kd2 Qd5+ 25. Kc1 Qxa8 26. Qxh7+ Ke6 27. Rg6+ Nf6 28. Qg8+ Ke7 29. Rg7+ 1-0

[Event "*** Titled Tuesday Blitz AM"]
[Site "Chess.com"]
[Date "2020.01.07"]
[Round "7"]
[White "Anna_ChessMate"]
[Black "MFBerna"]
[Result "0-1"]
[WhiteElo "2576"]
[BlackElo "2474"]
[TimeControl "180+2"]
[EndTime "10:33:31 PST"]
[Termination "MFBerna won by checkmate"]

1. d4 Nf6 2. c4 e6 3. Nf3 b6 4. g3 Ba6 5. Qc2 Bb4+ 6. Bd2 Bxd2+ 7. Nbxd2 d5 8. Bg2 O-O 9. O-O Nbd7 10. cxd5 exd5 11.
Rfe1 c5 12. dxc5 bxc5 13. Rad1 Re8 14. e4 dxe4 15. Nxe4 Nxe4 16. Rxe4 Qc7 17. Ng5 Nf6 18. Rh4 h6 19. Bxa8 hxg5 20. Ra4 Bb5 21. Rb4 Be2 22. Rd2 Qc8 23. Rb3 c4 24. Rc3 Bd3 25. Rdxd3 Re1+ 26. Kg2 Qxa8+ 27. Rf3 g4 28. Qd2 gxf3+ 29. Rxf3 Re5 30.
Qc2 Qd5 31. h3 Ne4 32. Rf4 Ng5+ 33. f3 Re1 34. h4 Ne6 35. Rxc4 g6 36. Rc8+ Kh7 37. Qc3 Re2+ 38. Kh3 Qf5+ 39. g4 Nf4+ 40. Kg3 Rg2# 0-1

[Event "*** Titled Tuesday Blitz AM"]
[Site "Chess.com"]
[Date "2020.01.07"]
[Round "7"]
[White "VeraNebolsina"]
[Black "Iyael"]
[Result "1-0"]
[WhiteElo "2325"]
[BlackElo "2075"]
[TimeControl "180+2"]
[EndTime "10:33:32 PST"]
[Termination "VeraNebolsina won by resignation"]

1. e4 c5 2. Nc3 Nc6 3. Bb5 e6 4. Nf3 Nge7 5. O-O a6 6. Bxc6 Nxc6 7. d4 cxd4 8. Nxd4 Bc5 9. Nxc6 bxc6 10. Qh5 d5 11.
Bg5 Be7 12. Bxe7 Qxe7 13. exd5 cxd5 14. Rfe1 Bb7 15. Rad1 Rd8 16. Rd3 Qf6 17. Nxd5 Bxd5 18. Rxd5 O-O 19. Rxd8 Rxd8 20. Qc5 h6 21. Qb4 Rd4 22. Qc3 Qf4 23. g3 Qd6 24. a3 Rd2 25.
b4 Qd5 26. Qc8+ Kh7 27. Qxa6 Rxc2 28. Qf1 Ra2 29. Rd1 Qb7 30. Qd3+ g6 31. Qb3 Re2 32. Qd3 Ra2 33. Qb3 Re2 34. b5 Qb6 35. Qf3 Rc2 36.
Qxf7+ Kh8 37. Rd7 Rc1+ 38. Kg2 1-0

[Event "*** Titled Tuesday Blitz AM"]
[Site "Chess.com"]
[Date "2020.01.07"]
[Round "7"]
[White "ShahMatKanal"]
[Black "garfield_pg"]
[Result "1-0"]
[WhiteElo "2528"]
[BlackElo "2371"]
[TimeControl "180+2"]
[EndTime "10:33:34 PST"]
[Termination "ShahMatKanal won by resignation"]

1. e4 c5 2. Nc3 Nc6 3. Bb5 g6 4. Nge2 Bg7 5. O-O d6 6. d4 cxd4 7. Nxd4 Bd7 8. Be3 Nxd4 9. Bxd7+ Qxd7 10. Bxd4 Nf6 11. Nd5 O-O 12. Nxf6+ exf6 13. Qd3 Rfe8 14. Rfe1 a6 15. Rad1 Qc6 16. c4 Rac8 17. b3 Re6 18.
Bb2 Rce8 19. f3 f5 20. Bxg7 Kxg7 21. Qc3+ Kg8 22. exf5 Qc5+ 23. Kf1 Qxf5 24. Kf2 Qc5+ 25. Kf1 Qh5 26. h3 Qh4 27. Rxe6 Rxe6 28. Qd2 Qg3 29. Qf2 Qf4 30. Qd4 Qg3 31. Qf2 Qg5 32. Qd2 Qf5 33. Qd3 Qf6 34. Qd4 Qh4 35. Qxh4 Kg7 1-0

[Event "*** Titled Tuesday Blitz AM"]
[Site "Chess.com"]
[Date "2020.01.07"]
[Round "7"]
[White "severomorskij"]
[Black "Rikikits"]
[Result "1-0"]
[WhiteElo "2892"]
[BlackElo "2716"]
[TimeControl "180+2"]
[EndTime "10:33:40 PST"]
[Termination "severomorskij won by resignation"]

1. d4 f5 2. Nc3 Nf6 3. Bg5 d5 4. e3 e6 5. Nf3 Be7 6. Bd3 O-O 7. O-O Ne4 8. Bxe7 Qxe7 9. Ne2 Nc6 10. c4 Kh8 11. Nc3 Bd7 12. cxd5 Nxc3 13. bxc3 exd5 14. Qb3 Qd6 15. Qxb7 Rfb8 16. Qa6 Rb6 17. Qa4 Nb4 18. Qd1 Nxd3 19. Qxd3 Bb5 20. Qxf5 Rf8 21. Qc2 Rxf3 22. gxf3 Qh6 23. Qf5 Qg6+ 24. Qxg6 Rxg6+ 25. Kh1 Be2 26. h4 Bxf3+ 27. Kh2 h5 28. Rg1 Rc6 29. Rg3 Be4 30. f3 Bf5 31. Rc1 Ra6 32. Rg2 Rb6 33. c4 c6 34. cxd5 cxd5 35. Rc5 Rd6 36. Rc7 Bg6 37.
Rxa7 Kh7 38. a4 Re6 39. Re2 Bd3 40. Re1 Rf6 41. Kg3 Rg6+ 42. Kf2 Rf6 43. Rg1 Bg6 44.
a5 Kh6 45. Rb7 Be4 46. Rb6 1-0

[Event "*** Titled Tuesday Blitz AM"]
[Site "Chess.com"]
[Date "2020.01.07"]
[Round "7"]
[White "Onegust"]
[Black "SergeyShtyka"]
[Result "1-0"]
[WhiteElo "2560"]
[BlackElo "2391"]
[TimeControl "180+2"]
[EndTime "10:33:41 PST"]
[Termination "Onegust won by checkmate"]

1. e4 c5 2. Nf3 d6 3. d4 cxd4 4.
Nxd4 Nf6 5. Nc3 g6 6. Be3 Bg7 7.
f3 O-O 8. Qd2 Nc6 9. g4 Be6 10.
Nxe6 fxe6 11. Bc4 Qd7 12. O-O-O Ne5 13. Be2 Rac8 14. h4 Nc4 15. Bxc4 Rxc4 16. h5 b5 17. Kb1 Rfc8 18. hxg6 hxg6 19. Bh6 b4 20. Bxg7 Kxg7 21. Ne2 Rxc2 22. Qh6+ Kf7 23. Nf4 Rxb2+ 24. Kxb2 Rg8 25. e5 Qa4 26. exf6 Qa3+ 27. Kb1 b3 28.
Qh7+ Kxf6 29. g5+ Ke5 30. Rhe1+ Kxf4 31. Qh4+ Kxf3 32. Rd3+ Kg2 33. Re2+ Kf1 34. Qe1# 1-0

[Event "*** Titled Tuesday Blitz AM"]
[Site "Chess.com"]
[Date "2020.01.07"]
[Round "7"]
[White "GMHess"]
[Black "MartinMatthiesen"]
[Result "1-0"]
[WhiteElo "2734"]
[BlackElo "2585"]
[TimeControl "180+2"]
[EndTime "10:33:43 PST"]
[Termination "GMHess won by checkmate"]

1. a3 e5 2. h3 d5 3. d3 Nf6 4. g4 Bd6 5. Bg2 c6 6. Nc3 Be6 7. e4 dxe4 8. dxe4 Qe7 9. Nge2 Nbd7 10. Ng3 g6 11. Qe2 Nb6 12. b3 Bc5 13. O-O Bd4 14. Qf3 h6 15. Nge2 Bc5 16. Rd1 Nh7 17. b4 Bd6 18.
Bxh6 O-O-O 19. b5 Ng5 20. Bxg5 Qxg5 21. bxc6 bxc6 22. a4 Kc7 23. a5 Nc4 24. Nd5+ cxd5 25. exd5 Bxg4 26. hxg4 Rc8 27. Rab1 Kd8 28. Rb7 e4 29.
Qxf7 Bh2+ 30. Kf1 Ne3+ 31. fxe3 Rf8 32. Rd7# 1-0

[Event "*** Titled Tuesday Blitz AM"]
[Site "Chess.com"]
[Date "2020.01.07"]
[Round "7"]
[White "Atanejhad"]
[Black "Mikasinski"]
[Result "1-0"]
[WhiteElo "2416"]
[BlackElo "2305"]
[TimeControl "180+2"]
[EndTime "10:33:45 PST"]
[Termination "Atanejhad won on time"]

1. e4 e6 2. d4 d5 3. Nd2 Nf6 4.
e5 Nfd7 5. f4 c5 6. c3 Nc6 7.
Ngf3 Be7 8. Be2 O-O 9. O-O f6 10.
Kh1 a5 11. a4 cxd4 12. cxd4 Nb4 13. Nb3 b6 14. Bd2 Ba6 15. Bc3 f5 16. Rg1 Bxe2 17. Qxe2 Qc7 18. Nbd2 Qb7 19. g4 Qa6 20. Qg2 g6 21.
gxf5 Rxf5 22. Nf1 Rxf4 23. Bd2 Rf5 24. Ne3 Rf7 25. Qh3 Qe2 26. Raf1 Raf8 27. Rg2 1-0

[Event "*** Titled Tuesday Blitz AM"]
[Site "Chess.com"]
[Date "2020.01.07"]
[Round "7"]
[White "Andrii_Prydun"]
[Black "XxPetroffsxX"]
[Result "1-0"]
[WhiteElo "2350"]
[BlackElo "1982"]
[TimeControl "180+2"]
[EndTime "10:33:45 PST"]
[Termination "Andrii_Prydun won by resignation"]

1. d4 d5 2. c4 e5 3. dxe5 d4 4. a3 a5 5. Nf3 Nc6 6. e3 dxe3 7.
Qxd8+ Nxd8 8. Bxe3 Bg4 9. Nd4 c6 10. f4 Ne6 11. Nxe6 Bxe6 12. Nc3 Ne7 13. Bd3 Nf5 14.
Bf2 h5 15. O-O-O Be7 16. Rhe1 O-O 17. Ne4 b5 18. c5 a4 19. Nd6 Nxd6 20. cxd6 Bd8 21.
Be4 Ra6 22. f5 Bc4 23. e6 Bg5+ 24. Be3 Bxe3+ 25. Rxe3 fxe6 26. fxe6 Bxe6 27. Bg6 Bd7 28. Re7 Ra7 29. Rde1 Rf6 30. Bxh5 Rxd6 31. Bg4 Rc7 32.
Be6+ Bxe6 33. Rxc7 Bd5 34. Ree7 Rg6 35. g3 Kh7 36. Kd2 Kh6 37. Ke3 Rg4 38. Rcd7 Rg6 39. Kf4 Rf6+ 40. Ke5 Rg6 41. Rd6 Rxd6 42. Kxd6 g5 43.
Re5 Bf3 44. h4 gxh4 45. gxh4 Kg6 46. Rc5 Be2 47. Kxc6 Kh6 48. Rxb5 1-0

[Event "*** Titled Tuesday Blitz AM"]
[Site "Chess.com"]
[Date "2020.01.07"]
[Round "7"]
[White "Korchmar_Vasiliy"]
[Black "Sven_Tica"]
[Result "1-0"]
[WhiteElo "2770"]
[BlackElo "2651"]
[TimeControl "180+2"]
[EndTime "10:33:46 PST"]
[Termination "Korchmar_Vasiliy won by checkmate"]

1. d4 d5 2. c4 e6 3. Nf3 Nf6 4.
g3 Be7 5. Bg2 O-O 6. O-O dxc4 7.
Ne5 c5 8. dxc5 Qc7 9. Nxc4 Rd8 10. Nbd2 Nc6 11. a3 Bxc5 12. b4 Bd4 13. Rb1 a6 14. e3 Ba7 15. Bb2 Nd5 16. Rc1 Qe7 17.
Qh5 b5 18. Ne5 Nxe5 19. Bxe5 Bb7 20. Nb3 Rac8 21. Qg4 f5 22. Qe2 Bb6 23. Bd4 Bxd4 24. exd4 Nc3 25. Qe3 Bxg2 26. Kxg2 Nd5 27. Qe5 Kf7 28.
Nc5 Rc6 29. Rfe1 Re8 30. Rc2 Nb6 31. Rce2 Nc4 32. Qf4 Qf6 33. g4 g5 34. Qf3 Rd6 35. gxf5 Rxd4 36. fxe6+ Kg7 37. Qxf6+ Kxf6 38. e7 Nd2 39.
Re6+ Kf5 40. Nb7 Rg4+ 41. Kh1 Nf3 42. Nd6+ Kf4 43. R1e4# 1-0

[Event "*** Titled Tuesday Blitz AM"]
[Site "Chess.com"]
[Date "2020.01.07"]
[Round "7"]
[White "JSMastropiero"]
[Black "GremioPrudente"]
[Result "0-1"]
[WhiteElo "2382"]
[BlackElo "2278"]
[TimeControl "180+2"]
[EndTime "10:33:47 PST"]
[Termination "GremioPrudente won by resignation"]

1. e4 e6 2. d3 d5 3. Nd2 Nf6 4.
Ngf3 c5 5. g3 Nc6 6. Bg2 Be7 7.
O-O O-O 8. Re1 b5 9. e5 Nd7 10. Nf1 a5 11. h4 b4 12. Bf4 Ba6 13. h5 h6 14. Ne3 Re8 15. c4 bxc3 16. bxc3 Rb8 17.
Qd2 d4 18. cxd4 cxd4 19. Ng4 Bb4 20. Qe2 Bxe1 21. Rxe1 Nb4 22. Nxd4 Nxd3 23. Bxh6 Nxe1 24. Qxe1 gxh6 25. Nxh6+ Kg7 26. Ndf5+ exf5 27. Nxf5+ Kg8 28. Qe3 Rxe5 29. Nh6+ Kh7 30. Be4+ Rxe4 31. Qxe4+ Kxh6 32. Qf4+ Qg5 33. Qd6+ Nf6 34. Qxa6 Rb1+ 0-1

[Event "*** Titled Tuesday Blitz AM"]
[Site "Chess.com"]
[Date "2020.01.07"]
[Round "7"]
[White "Usurpov"]
[Black "Er_is_geen_hoop_meer"]
[Result "1-0"]
[WhiteElo "2543"]
[BlackElo "2357"]
[TimeControl "180+2"]
[EndTime "10:33:49 PST"]
[Termination "Usurpov won by resignation"]

1. e4 c5 2. Nf3 Nc6 3. d4 cxd4 4. Nxd4 Nf6 5. Nc3 e5 6. Ndb5 d6 7. Bg5 a6 8. Na3 b5 9. Nd5 Be7 10. Bxf6 Bxf6 11. c4 b4 12. Nc2 O-O 13. g3 a5 14. h4 Be6 15. Bh3 g6 16. Kf1 Bg7 17. Kg2 f5 18. h5 Ra7 19. b3 Raf7 20. Qe2 Qd7 21. hxg6 hxg6 22. exf5 Bxf5 23. Bxf5 Qxf5 24. Raf1 e4 25. Rh4 Qf3+ 26. Qxf3 exf3+ 27. Kg1 Re8 28. Re1 Rxe1+ 29. Nxe1 a4 30. Rf4 Rxf4 31. gxf4 a3 32. Nxf3 Bc3 33. Kf1 Na5 34. Nxc3 Nxb3 35. Nd5 Na5 36.
Nxb4 Nxc4 37. Ke2 Kf7 38. Kd3 Nb2+ 39. Kc2 Nc4 40. Kb3 Na5+ 41. Kxa3 Ke6 42. Ka4 Nc4 43. Kb5 Na3+ 44. Kc6 Kf5 45. Nh4+ Kxf4 46. Nxg6+ Kf3 47. Kxd6 Kxf2 48. Ne5 Ke3 49. Kc5 Nb1 50. a4 Ke4 51. Nec6 Nd2 52. Nd4 Ke5 53. a5 Ne4+ 54. Kc6 Nd6 55. Nd3+ Kxd4 56. Kxd6 Kxd3 57. a6 1-0

[Event "*** Titled Tuesday Blitz AM"]
[Site "Chess.com"]
[Date "2020.01.07"]
[Round "7"]
[White "gmcorrales"]
[Black "nihalsarin"]
[Result "1-0"]
[WhiteElo "2894"]
[BlackElo "3053"]
[TimeControl "180+2"]
[EndTime "10:33:50 PST"]
[Termination "gmcorrales won by resignation"]

1. e4 c5 2. Nf3 d6 3. d4 cxd4 4. Nxd4 Nf6 5. Nc3 a6 6. Be3 e5 7. Nb3 Be6 8. f3 Be7 9. Qd2 O-O 10. O-O-O Nbd7 11. g4 b5 12. g5 b4 13. gxf6 bxc3 14.
Qxc3 Nxf6 15. Na5 Rc8 16. Nc6 Qd7 17. Nxe7+ Qxe7 18. Qa5 Rc6 19. Rg1 Rfc8 20. Rd2 d5 21. Bg5 dxe4 22. Qxe5 Rxc2+ 23. Rxc2 Rxc2+ 24. Kd1 Rc5 25.
Qxf6 Qd7+ 26. Bd2 g6 27. fxe4 Qa4+ 28. b3 Qxe4 29. Qd8+ Kg7 30. Bh6+ Kxh6 31. Qf8+ Kh5 32. Qxc5+ Kh6 33. Qf8+ Kh5 34. Be2+ 1-0

[Event "*** Titled Tuesday Blitz AM"]
[Site "Chess.com"]
[Date "2020.01.07"]
[Round "7"]
[White "DishonorOnYourCow"]
[Black "FedaMaster"]
[Result "0-1"]
[WhiteElo "2235"]
[BlackElo "2445"]
[TimeControl "180+2"]
[EndTime "10:33:50 PST"]
[Termination "FedaMaster won by resignation"]

1. d4 Nf6 2. c4 c5 3. d5 b5 4. cxb5 a6 5. bxa6 Bxa6 6. Nf3 d6 7. Nc3 g6 8. e4 Bxf1 9. Kxf1 Nbd7 10. g3 Bg7 11. Kg2 O-O 12. a4 Ra6 13. Qc2 Qa8 14.
Nd2 e6 15. dxe6 fxe6 16. Qb3 d5 17. exd5 exd5 18. Nb5 Qb7 19. Rf1 Kh8 20. Kg1 Ne5 21. Nf3 Nfg4 22. Nxe5 Nxe5 23. Bf4 c4 24. Qd1 Nd3 25.
Be3 Nxb2 26. Qc2 Nxa4 27. Rab1 Qd7 28. Bd4 Bxd4 29. Nxd4 Nc5 30. Qd2 Ne4 31. Qh6 Raf6 32. f4 Nd2 33. Rb6 Nxf1 34. Ne6 Rg8 35. Nc5 Qg7 36.
Rb7 Qxh6 0-1

[Event "*** Titled Tuesday Blitz AM"]
[Site "Chess.com"]
[Date "2020.01.07"]
[Round "7"]
[White "szefru"]
[Black "shanemelaughcm"]
[Result "1-0"]
[WhiteElo "2134"]
[BlackElo "2299"]
[TimeControl "180+2"]
[EndTime "10:33:52 PST"]
[Termination "szefru won by resignation"]

1. d4 e6 2. Bf4 f5 3. g3 Nf6 4. Bg2 Be7 5. Nf3 O-O 6. c4 Ne4 7. Qc2 d6 8. Nc3 Nxc3 9. Qxc3 Bf6 10. h4 Nc6 11. Bg5 e5 12. Bxf6 Qxf6 13. dxe5 dxe5 14. O-O f4 15. b4 e4 16. Qxf6 Rxf6 17. Ng5 f3 18. exf3 exf3 19. Bxf3 Nxb4 20. Bg2 Nc6 21. Rab1 h6 22. Ne4 Rf8 23. Nc5 Na5 24. Nxb7 Bxb7 25.
Bxb7 Rab8 26. Bd5+ Kh7 27. Rfe1 Kg6 28. Rxb8 Rxb8 29.
Re7 c6 30. Re6+ Kf5 31. g4+ Kxg4 32. Bxc6 Nxc4 33. Re4+ Kf3 34. Re8+ Kg4 35. Rxb8 Ne5 36. Be4 Kf4 37. f3 g5 38. hxg5 hxg5 39. Ba8 a5 40.
Rb5 Nc4 41. Rc5 Ne3 42. Rxa5 Nf5 43. Rxf5+ Kxf5 44. Kf2 Ke5 45. Kg3 Kd4 46. Kg4 Kc4 47.
Kxg5 Kb4 48. f4 1-0

[Event "*** Titled Tuesday Blitz AM"]
[Site "Chess.com"]
[Date "2020.01.07"]
[Round "7"]
[White "econpower"]
[Black "esskeettit"]
[Result "1/2-1/2"]
[WhiteElo "2610"]
[BlackElo "2469"]
[TimeControl "180+2"]
[EndTime "10:33:53 PST"]
[Termination "Game drawn by repetition"]

1. c4 c5 2. g3 Nc6 3. Bg2 g6 4.
Nc3 Bg7 5. e3 d6 6. Nge2 e5 7. O-O Be6 8. d3 Nge7 9. Nd5 O-O 10. h3 f5 11. Kh2 Qd7 12. a3 h6 13.
f4 Rab8 14. Nec3 a6 15. Rb1 b5 16. cxb5 axb5 17. b4 Nxd5 18. Nxd5 Ne7 19. Nxe7+ Qxe7 20.
Bb2 c4 21. fxe5 dxe5 22. d4 e4 23. a4 bxa4 24. d5 Rfd8 25. Bxg7 Qxg7 26. Qxa4 Rxd5 27.
b5 Rd2 28. b6 Kh7 29. Qc6 Bd5 30. Qc7 Rb7 31. Qc5 Qc3 32. Rfd1 Qc2 33. Rxd2 Qxd2 34. Rb4 Bf7 35. Rb5 Qd7 36. Bf1 Qd2+ 37. Bg2 Qd7 38.
Bf1 Qd2+ 39. Bg2 1/2-1/2

[Event "*** Titled Tuesday Blitz AM"]
[Site "Chess.com"]
[Date "2020.01.07"]
[Round "7"]
[White "MattyDPerrine"]
[Black "capatl"]
[Result "1/2-1/2"]
[WhiteElo "2373"]
[BlackElo "2625"]
[TimeControl "180+2"]
[EndTime "10:34:00 PST"]
[Termination "Game drawn - insufficient material"]

1. Nf3 c5 2. g3 b6 3. Bg2 Bb7 4. O-O Nf6 5. c4 e6 6. Nc3 Be7 7. Re1 O-O 8. e4 d6 9. d4 cxd4 10. Nxd4 Qc8 11. Be3 a6 12. Rc1 Nbd7 13. f4 Rd8 14. b4 Qc7 15. f5 e5 16. Nd5 Bxd5 17.
cxd5 Qb7 18. Nc6 Re8 19. g4 Nb8 20. g5 Nfd7 21. Nxe7+ Rxe7 22. Re2 Nf8 23. f6 Rc7 24. fxg7 Kxg7 25. Rec2 Rxc2 26. Rxc2 Nbd7 27. Qc1 a5 28. a3 axb4 29. axb4 Qa6 30. h4 Qa1 31. h5 Qxc1+ 32. Rxc1 Ra4 33. Bd2 f6 34. Bh3 fxg5 35. Bxd7 Nxd7 36.
Rc7 Ra1+ 37. Kf2 Ra2 38. Rxd7+ Kh6 39. Ke1 Kxh5 40. Rxh7+ Kg4 41. Rg7 Kf3 42. Kd1 g4 43. Be1 Ra1+ 44. Kd2 Rb1 45. Rg6 Rxb4 46. Rxd6 Kxe4 47.
Rg6 Rb2+ 48. Kc3 Rb1 49. Bg3 Kxd5 50. Rxg4 Ra1 51. Rg5 Ra3+ 52. Kb4 Re3 53. Rxe5+ Rxe5 54. Bxe5 Kxe5 55. Kb5 Kd5 56. Kxb6 1/2-1/2

[Event "*** Titled Tuesday Blitz AM"]
[Site "Chess.com"]
[Date "2020.01.07"]
[Round "7"]
[White "Pultis"]
[Black "Triumphmate"]
[Result "0-1"]
[WhiteElo "2844"]
[BlackElo "2646"]
[TimeControl "180+2"]
[EndTime "10:34:02 PST"]
[Termination "Triumphmate won by checkmate"]

1. d4 Nf6 2. Nf3 e6 3. g3 d5 4. Bg2 Be7 5. O-O O-O 6. Nbd2 b6 7. c3 Bb7 8. Qc2 Nbd7 9. a4 c5 10. a5 bxa5 11. Qa4 Qb6 12. Qxa5 Rfc8 13. e3 h6 14. Rd1 Bd6 15. Ne1 e5 16. dxe5 Nxe5 17. Qa2 Re8 18. Ndf3 Neg4 19. h3 Nxf2 20. Kxf2 Ne4+ 21.
Kg1 Bxg3 22. Nc2 Qg6 23. Rf1 Bc7 24. Nce1 Qg3 25. Nd3 Ng5 26. b4 Nxh3+ 27. Kh1 Re4 28. Nf2 Rh4 29. Nxh3 cxb4 30. cxb4 d4 31. e4 Bxe4 32. Qf2 Rxh3+ 33. Bxh3 Bxf3+ 34. Qg2 Bxg2+ 35. Bxg2 Qh2# 0-1

[Event "*** Titled Tuesday Blitz AM"]
[Site "Chess.com"]
[Date "2020.01.07"]
[Round "7"]
[White "Jabberwockiez"]
[Black "muran29"]
[Result "1-0"]
[WhiteElo "2297"]
[BlackElo "2489"]
[TimeControl "180+2"]
[EndTime "10:34:09 PST"]
[Termination "Jabberwockiez won by checkmate"]

1. e4 c5 2. Nc3 Nc6 3. Nf3 e6 4.
d4 cxd4 5. Nxd4 Nf6 6. Ndb5 d6 7.
Bf4 e5 8. Bg5 a6 9. Na3 b5 10. Nd5 Be7 11. Bxf6 Bxf6 12. c3 O-O 13. Nc2 Bg5 14. a4 bxa4 15. Rxa4 a5 16. Bc4 Rb8 17. b3 g6 18. h4 Bxh4 19. g3 Bg5 20. Nce3 Kg7 21.
f4 exf4 22. gxf4 Bh4+ 23. Kd2 f5 24. Kc1 fxe4 25. Ra2 Bf6 26. Rah2 Rh8 27. f5 Be5 28. Rg2 Ne7 29. f6+ Bxf6 30. Nxf6 Nc6 31. Qh5 d5 32.
Qh6+ Kxf6 33. Nxd5+ Ke6 34. Rxg6+ hxg6 35. Qxg6+ Kd7 36.
Qf7+ Ne7 37. Rxh8 Qxh8 38. Qxe7+ Kc6 39. Qc7# 1-0

[Event "*** Titled Tuesday Blitz AM"]
[Site "Chess.com"]
[Date "2020.01.07"]
[Round "7"]
[White "Firouzja2003"]
[Black "TigrVShlyape"]
[Result "0-1"]
[WhiteElo "3065"]
[BlackElo "2831"]
[TimeControl "180+2"]
[EndTime "10:34:16 PST"]
[Termination "TigrVShlyape won on time"]

1. d4 Nf6 2. Nf3 g6 3. g3 Bg7 4. Bg2 O-O 5. O-O d6 6. c4 Nc6 7.
Nc3 a5 8. h3 e5 9. d5 Nb4 10. e4 Na6 11. Ne1 Nc5 12. Rb1 c6 13.
Be3 cxd5 14. exd5 Bf5 15. Rc1 Rc8 16. g4 Bd7 17. b3 h5 18. g5 Nh7 19. Bxc5 dxc5 20. Ne4 Nxg5 21. Nxg5 Qxg5 22. Nf3 Qf4 23. Qd2 Qxd2 24. Nxd2 Bh6 25. Rcd1 f5 26. Rfe1 e4 27. Nf1 Rfe8 28. Re2 h4 29. Rde1 Kf7 30. f3 exf3 31. Bxf3 Rxe2 32. Rxe2 Re8 33. Rxe8 Kxe8 34. a4 b6 35. Kf2 Ke7 36. Ne3 Bxe3+ 37. Kxe3 Kf6 38. Kf2 Ke5 39. Be2 g5 40. Bh5 g4 41. Kg2 g3 42.
Bg6 f4 43. Bh7 Kd4 44. Bg6 Ke3 45. Bh5 f3+ 46. Bxf3 Bxh3+ 47. Kxh3 Kxf3 48. Kxh4 g2 49. Kg5 g1=Q+ 50. Kf6 Ke4 51. d6 Qd4+ 0-1

[Event "*** Titled Tuesday Blitz AM"]
[Site "Chess.com"]
[Date "2020.01.07"]
[Round "7"]
[White "OK97"]
[Black "GianmarcoVaR"]
[Result "1-0"]
[WhiteElo "2841"]
[BlackElo "2568"]
[TimeControl "180+2"]
[EndTime "10:34:16 PST"]
[Termination "OK97 won by checkmate"]

1. d4 Nf6 2. Bg5 e6 3. Nd2 c5 4. e4 cxd4 5. e5 h6 6. Bh4 g5 7. Bg3 Nd5 8. h4 gxh4 9. Bxh4 Qa5 10. Nf3 Nc6 11. Bd3 d6 12. exd6 Bxd6 13. O-O Qc7 14. Ne4 Rg8 15. Bc4 Be7 16. Bg3 Rxg3 17. Nxg3 Ne3 18.
fxe3 Qxg3 19. exd4 Bd7 20. Qe2 Qg7 21. c3 O-O-O 22.
Rae1 Rg8 23. Rf2 Bd6 24. Rd1 Bg3 25. Rff1 h5 26. d5 exd5 27. Bxd5 h4 28. Nxh4 Bxh4 29. Rxf7 Qg4 30. Bf3 Qe6 31. Rdxd7 Qxe2 32. Rc7+ Kd8 33. Bxe2 Ne5 34. Rh7 Bg5 35. Rxb7 Be3+ 36. Kh1 Rf8 37. Rb8# 1-0

[Event "*** Titled Tuesday Blitz AM"]
[Site "Chess.com"]
[Date "2020.01.07"]
[Round "7"]
[White "Alexander_Donchenko"]
[Black "vinniethepooh"]
[Result "1-0"]
[WhiteElo "2734"]
[BlackElo "2602"]
[TimeControl "180+2"]
[EndTime "10:34:17 PST"]
[Termination "Alexander_Donchenko won by resignation"]

1. e4 c5 2. Nf3 Nc6 3. Bb5 e6 4.
O-O Nge7 5. Re1 Nd4 6. Nxd4 cxd4 7. c3 a6 8. Bf1 Nc6 9. d3 Bc5 10. Nd2 O-O 11. Nf3 b5 12. a4 Bb7 13. Qb3 Qb6 14.
cxd4 Nxd4 15. Nxd4 Bxd4 16. Be3 Bxe3 17. Rxe3 Rfc8 18.
axb5 axb5 19. Rxa8 Rxa8 20. Re1 d5 21. Rc1 h6 22.
Qb4 Rc8 23. Rxc8+ Bxc8 24. exd5 exd5 25. d4 Bd7 26. g3 Qc6 27. Qc5 Qxc5 28. dxc5 f6 29.
f4 Kf7 30. Kf2 d4 31. Ke2 b4 32. Kd2 Bf5 33. Bd3 Be6 34. Ba6 Bf5 35. c6 Ke7 36. c7 Kd6 37. c8=Q Bxc8 38. Bxc8 Kd5 39. Kd3 Kc5 40. Be6 g6 41. Bf7 g5 42. b3 gxf4 43. gxf4 f5 44. Be6 1-0

[Event "*** Titled Tuesday Blitz AM"]
[Site "Chess.com"]
[Date "2020.01.07"]
[Round "7"]
[White "Ba_clbaf_osed_ingo_3v21"]
[Black "LogoCzar"]
[Result "1-0"]
[WhiteElo "2552"]
[BlackElo "2392"]
[TimeControl "180+2"]
[EndTime "10:34:17 PST"]
[Termination "Ba_clbaf_osed_ingo_3v21 won by resignation"]

1. Nf3 c5 2. c4 Nf6 3. Nc3 e6 4. g3 b6 5. Bg2 Bb7 6. O-O Be7 7.
d4 cxd4 8. Qxd4 d6 9. Rd1 a6 10. Bg5 Nbd7 11. Nd2 Bxg2 12. Kxg2 Qc7 13. Nde4 Qc6 14.
f3 e5 15. Nxd6+ Kf8 16. Qd2 h6 17. Bxf6 Nxf6 18. Nf5 Bc5 19. e4 g6 20. Ne3 Bxe3 21. Qxe3 Qxc4 22. Qxb6 Kg7 23. Rac1 Rab8 24. Qf2 Qb4 25.
b3 h5 26. Nd5 Nxd5 27. Rxd5 h4 28. Qc5 hxg3 29. hxg3 Qxc5 30. Rcxc5 f6 31. Rc7+ Kh6 32. Rc6 Rbc8 33. Rdd6 Rxc6 34. Rxc6 Ra8 35. Rxf6 a5 36. a4 Rb8 37. Ra6 Rxb3 38. Rxa5 Ra3 39. Rxe5 Rxa4 40.
Kh3 Kg7 41. Kg4 Kf6 42. Rb5 Ra6 43. f4 Rc6 44. e5+ Kg7 45. Kg5 Re6 46. Rb7+ Kg8 47.
g4 Kf8 48. Rb5 Kg7 49. f5 gxf5 50. gxf5 Re8 51. Rb7+ Kf8 52. e6 Kg8 53. Kg6 Rc8 54. f6 Kh8 55. Rh7+ Kg8 56. f7+ Kf8 57. Rh8+ Ke7 58.
Rxc8 1-0